 Dungeon Sprint DCSS version 0.28-a0-683-ga8797d1ae1 (webtiles) character file.

Game seed: 541627178418804090

4729 ytrimaz the Bludgeoner (level 10, -1/83 HPs)
             Began as a Formicid Fighter on Oct 18, 2021.
             Was the Champion of Dithmenos.
             Slain by a merfolk (2 damage)
             ... in the Dungeon (Sprint V: "Ziggurat Sprint").
             The game lasted 00:06:46 (782 turns).

ytrimaz the Bludgeoner (Formicid Fighter)            Turns: 782, Time: 00:06:46

Health: -1/83      AC: 32    Str: 25    XL:     10   Next: 73%
Magic:  7/10       EV:  3    Int: 11    God:    Dithmenos [******]
Gold:   0          SH:  0    Dex: 10    Spells: 9/9 levels left

rFire   + + .      SeeInvis +   b - +7 great mace "Firestarter" {inner flame, rF++}
rCold   . . .      Faith    .   k - +18 shield of the Gong {rElec rN+ Will+ EV-5}
rNeg    + . .      Spirit   .   j - +15 Maxwell's patent armour {-Cast -Tele rElec Will+ rCorr}
rPois   .          Reflect  +   (helmet unavailable)
rElec   +          Harm     .   (no cloak)
rCorr   +          Rampage  .   (no gloves)
Will    ++++.      NoCast   +   (no boots)
Stlth   ..........              J - amulet of Puirinua {Reflect -Tele Will+ rCorr Int+4 SH+5}
HPRegen 0.23/turn               G - +4 ring of evasion
MPRegen 0.12/turn               A - +4 ring of protection

@: held, wreathed by umbra
A: permanent stasis, dig shafts and tunnels, antennae 3, four strong arms
a: Dig, Renounce Religion, Shadow Step, Shadow Form


You were in the Dungeon.
You worshipped Dithmenos.
Dithmenos was exalted by your worship.
You visited 1 branch

Inventory:

Hand Weapons
 b - the +7 great mace "Firestarter" (weapon) {inner flame, rF++}
   (You found it in the Dungeon)

   It burns those it strikes, dealing additional fire damage.
   It fills those it strikes with an explosive inner flame.
   It grants immunity to clouds of flame.
   rF:        It greatly protects you from fire.
 c - the +7 mace of Variability {chain chaos}
   (You found it in the Dungeon)

   Each time it hits an enemy it has a different, random effect.
   It occasionally unleashes arcs of chaos on nearby creatures upon striking a
   foe.
 h - the +10 dark maul {vorpal}
   (You found it in the Dungeon)

   It inflicts extra damage upon your enemies.
 i - the +14 obsidian axe {vorpal, Mesm Drain Fly SInv}
   (You found it in the Dungeon)

   It inflicts extra damage upon your enemies.
   It occasionally summons demons to assist the wielder when it strikes in
   combat.
   Its wielder is mesmerised by any visible foes.
   It cannot be unequipped while any foes are visible.
   SInv:      It lets you see invisible.
   Fly:       It grants you flight.
   Drain:     It drains your maximum health when unequipped.
 l - the +6 shillelagh "Devastator" {shatter}
   (You found it in the Dungeon)

   It releases a powerful concussive burst when it strikes, dealing extra damage
   to the target and all other foes adjacent to them.
Armour
 j - the +15 Maxwell's patent armour (worn) {-Cast -Tele rElec Will+ rCorr}
   (You found it in the Dungeon)

   rElec:     It insulates you from electricity.
   -Cast:     It prevents spellcasting.
   -Tele:     It prevents most forms of teleportation.
   rCorr:     It protects you from acid and corrosion.
   Will:      It increases your willpower.
 k - the +18 shield of the Gong (worn) {rElec rN+ Will+ EV-5}
   (You found it in the Dungeon)

   It is deafeningly noisy when blocking attacks.
   EV:        It affects your evasion (-5).
   rElec:     It insulates you from electricity.
   rN:        It protects you from negative energy.
   Will:      It increases your willpower.
 F - +5 gold dragon scales
Jewellery
 a - a ring of flight
 m - the necklace of Bloodlust {*Rage Will++ Int-3 Slay+6}
   (You found it in the Dungeon)

   [amulet of nothing]

   It extends the wearer's berserk rage when killing foes.
   Int:       It affects your intelligence (-3).
   Slay:      It affects your accuracy & damage with ranged weapons and melee
   (+6).
   *Rage:     It berserks you when you make melee attacks (+50% chance).
   Will:      It greatly increases your willpower.
 n - a +6 ring of dexterity
 o - a +6 ring of dexterity
 p - a +6 ring of intelligence
 q - a +6 ring of intelligence
 r - a +6 ring of strength
 s - a +6 ring of strength
 A - a +4 ring of protection (right hand)
 G - a +4 ring of evasion (left hand)
 I - an amulet of magic regeneration
 J - the amulet of Puirinua (around neck) {Reflect -Tele Will+ rCorr Int+4 SH+5}
   (You found it in the Dungeon)

   [amulet of reflection]

   It reflects blocked missile attacks.
   Int:       It affects your intelligence (+4).
   -Tele:     It prevents most forms of teleportation.
   rCorr:     It protects you from acid and corrosion.
   SH:        It affects your SH (+5).
   Will:      It increases your willpower.
 K - a ring of protection from cold
 L - a ring of fire
Wands
 t - a wand of mindburst (7)
 u - a wand of iceblast (7)
 v - a wand of acid (7)
 H - a wand of polymorph (8)
Scrolls
 y - 4 scrolls of amnesia
 B - 7 scrolls of fog
 C - a scroll of holy word
 D - 5 scrolls of identify
 E - 2 scrolls of fear
Potions
 d - 6 potions of might
 e - 10 potions of curing
 f - 9 potions of heal wounds
 g - 7 potions of magic
 w - 2 potions of brilliance
 x - 2 potions of invisibility
 z - 4 potions of resistance


   Skills:
 - Level 9.2 Fighting
 - Level 2.0(13.1) Axes
 * Level 19.8 Maces & Flails
 - Level 8.6 Armour
 - Level 10.9 Shields


You had 9 spell levels left.
You didn't know any spells.
Your spell library contained the following spells:

 Spells                   Type           Power      Damage    Failure   Level
 Magic Dart               Conj           0%         1d3       99%         1
 Searing Ray              Conj           0%         2d4       99%         2
 Slow                     Hex            0%         N/A       99%         2
 Call Canine Familiar     Summ           0%         N/A       100%        3
 Confusing Touch          Hex            0%         N/A       100%        3
 Portal Projectile        Hex/Tloc       0%         N/A       100%        3
 Vampiric Draining        Necr           0%         2d6       100%        3
 Fulminant Prism          Conj/Hex       0%         3d6       100%        4
 Leda's Liquefaction      Hex/Erth       0%         N/A       100%        4
 Blade Hands              Tmut           0%         N/A       100%        5
 Irradiate                Conj/Tmut      0%         3d13      100%        5
 Dragon Form              Tmut           0%         N/A       100%        7


Dungeon Overview and Level Annotations

Branches:
Dungeon (1/1)

Altars:
Ashenzari
Cheibriados
Dithmenos
Elyvilon
Fedhas
Gozag
Hepliaklqana
Kikubaaqudgha
Makhleb
Nemelex Xobeh
Okawaru
Qazlal
Ru
Sif Muna
Trog
Uskayaw
Vehumet
Wu Jian
Xom
Yredelemnul
Zin
The Shining One
Beogh
Jiyva
Lugonu

Annotations:
D 1 transporter


Innate Abilities, Weirdness & Mutations

You cannot be hasted, slowed, berserked, paralysed or teleported.
You can dig through walls and to a lower floor.
You have a pair of large antennae on your head. (SInv)
Your four strong arms can wield two-handed weapons with a shield.


Message History

Unknown command.
Unknown command.
The wind drake is engulfed in blazing flames.
You block the wind drake's attack.
GONNNNG!
You block the merfolk's attack.
BOUMMMMG!
The merfolk is engulfed in blazing flames.
You block the merfolk's attack.
GONNNNG!
The merfolk hits you but does no damage.
The wind drake is engulfed in blazing flames.
The wind drake exhales a fierce blast of wind!
You are blown backwards!
The merfolk are blown away by the wind.
Unknown command.
The merfolk is engulfed in blazing flames.
The merfolk hits you but does no damage.
The wind drake is engulfed in blazing flames.
You kill the wind drake!
Dithmenos accepts your kill.
You completely miss the merfolk.
Your shadow hits the merfolk with a great mace!
You block the merfolk's attack.
SHROANNG!
Unknown command.
Your Maxwell's patent armour prevents you from hitting the merfolk.
The merfolk is lightly wounded.
You block the merfolk's attack.
PTOANNNG!
The merfolk throws a throwing net.
The throwing net hits you.
You become entangled in the net!
Unknown command.
You struggle against the net.
The merfolk hits you from afar with a +0 trident!
* * * LOW HITPOINT WARNING * * *
Unknown command.
You struggle against the net.
The merfolk hits you but does no damage.
The merfolk hits you from afar with a +0 trident.
You die...

{
▓.▓....▓.▓........▓
{
▓...©....▓...©....▓
▓▓▓▓▓▓▓▓▓▓▓▓▓▓▓▓▓▓▓
▓...8©8...▓..8©8..▓
▓..:[)|...▓..[)|..▓
▓.☼§}§}...▓..)....▓
▓.§.)..m..▓.......▓
▓.§..§....▓...)...▓
▓..§m§m@..▓..)))..▓
▓.........▓.......▓
▓.▓.....▓.▓.▓...▓.▓
▓....©....▓...©...▓
{
▓▓▓▓▓▓▓▓▓▓▓▓▓▓▓▓▓▓▓
▓..8©8..▓


{{{{{ ▓..|)...▓ {{{ ▓....[..▓ ▓.......▓ You could see 3 merfolk.

Vanquished Creatures
  A mummy priest (D)
  Erolcha (D)
  2 spriggans (D)
  A spriggan druid (D)
  Joseph (D)
  A merfolk (D)
  A hornet (D)
  2 wind drakes (D)
  A neqoxec (D)
  A golden eye (D)
  Duvessa (D)
  Edmund (D)
  2 black bears (D)
  A wolf (D)
  A centaur (D)
  Blork the orc (D)
  A crimson imp (D)
  3 jellies (D)
  Ijyb (D)
  5 mummies (D)
  A shadow imp (D)
  A white imp (D)
  An ufetubus (D)
  2 orcs (D)
  A ball python zombie (D)
35 creatures vanquished.

Notes
Turn   | Place    | Note
-------+----------+-------------------------------------------
     0 | D        | ytrimaz the Formicid Fighter began the quest for the Orb.
     0 | D        | Reached XP level 1. HP: 18/18 MP: 1/1
     2 | D        | Found a blossoming altar of Fedhas.
     2 | D        | Found the +6 Majin-Bo {vamp, MP+6 Int+6}
     2 | D        | Found the +9 heavy crossbow "Sniper" {vorpal, Acc+∞ SInv}
     2 | D        | Found the +10 dark maul {vorpal}
     2 | D        | Found the +15 Maxwell's patent armour {-Cast -Tele rElec
                  | Will+ rCorr}
     2 | D        | Found the +18 shield of the Gong {rElec rN+ Will+ EV-5}
     2 | D        | Found the +14 obsidian axe {vorpal, Mesm Drain Fly SInv}
     2 | D        | Found the +7 great mace "Firestarter" {inner flame, rF++}
     2 | D        | Found the +6 shillelagh "Devastator" {shatter}
     2 | D        | Found the +11 plutonium sword {Contam Stlth-}
     2 | D        | Found the +8 lance "Wyrmbane" {slay drac, rPois rF+ rC+
                  | AC+3}
     2 | D        | Found the +9 sword of Zonguldrok {reap}
     2 | D        | Found the +13 scythe of Curses {drain, Drain}
     2 | D        | Found the +5 sword of Power {vorpal}
     2 | D        | Found the +7 mace of Variability {chain chaos}
     2 | D        | Found the +7 Singing Sword {vorpal, sonic wave}
     2 | D        | Found the +8 storm bow {elec, penet}
     3 | D        | Found a viscous altar of Jiyva.
     3 | D        | Found a hazy altar of Hepliaklqana.
     3 | D        | Found a transporter.
     3 | D        | Found an opulent altar of Gozag.
     3 | D        | Found an ancient bone altar of Kikubaaqudgha.
     3 | D        | Found a corrupted altar of Lugonu.
     9 | D        | Found a burning altar of Makhleb.
    10 | D        | Found an iron altar of Okawaru.
    10 | D        | Found a stormy altar of Qazlal.
    10 | D        | Found a sparkling altar of Nemelex Xobeh.
    10 | D        | Found a sacrificial altar of Ru.
    10 | D        | Found a shimmering blue altar of Sif Muna.
    45 | D        | Found a bloodstained altar of Trog.
    86 | D        | Reached skill level 7 in Maces & Flails
    86 | D        | Reached XP level 2. HP: 24/24 MP: 2/2
   113 | D        | Became a worshipper of Dithmenos the Shadowed
   126 | D        | Entered arena 2.
   126 | D        | Found the necklace of Bloodlust {*Rage Will++ Int-3 Slay+6}
   126 | D        | Found a transporter.
   145 | D        | Entered arena 3.
   145 | D        | Found a transporter.
   148 | D        | Reached * piety under Dithmenos
   149 | D        | Reached XP level 3. HP: 27/30 MP: 3/3
   153 | D        | Reached XP level 4. HP: 20/37 MP: 4/4
   296 | D        | Entered arena 4.
   296 | D        | Noticed a golden eye
   296 | D        | Found a transporter.
   298 | D        | Reached ** piety under Dithmenos
   299 | D        | Reached skill level 8 in Maces & Flails
   299 | D        | Reached skill level 5 in Shields
   300 | D        | Reached skill level 5 in Fighting
   300 | D        | Reached XP level 5. HP: 44/44 MP: 5/5
   303 | D        | Reached skill level 5 in Armour
   311 | D        | Killed a golden eye
   312 | D        | Reached skill level 9 in Maces & Flails
   312 | D        | Reached XP level 6. HP: 53/53 MP: 6/6
   324 | D        | Entered arena 5.
   324 | D        | Found the +3 sling "Punk" {acid, rCorr}
   324 | D        | Noticed a mummy priest
   324 | D        | Found a transporter.
   328 | D        | Noticed a necrophage
   328 | D        | Killed a mummy priest
   328 | D        | Reached *** piety under Dithmenos
   329 | D        | Reached skill level 12 in Maces & Flails
   329 | D        | Reached XP level 7. HP: 42/63 MP: 7/7
   329 | D        | Reached XP level 8. HP: 46/69 MP: 8/8
   331 | D        | Reached skill level 10 in Shields
   446 | D        | Entered arena 6.
   446 | D        | Found a transporter.
   448 | D        | Reached **** piety under Dithmenos
   453 | D        | Reached ***** piety under Dithmenos
   463 | D        | Entered arena 7.
   463 | D        | Noticed Blork the orc
   463 | D        | Noticed Duvessa
   463 | D        | Noticed Edmund
   463 | D        | Noticed Erolcha
   463 | D        | Noticed Ijyb
   463 | D        | Noticed Joseph
   464 | D        | Found a transporter.
   466 | D        | Killed Ijyb
   469 | D        | Killed Joseph
   470 | D        | Reached skill level 13 in Maces & Flails
   470 | D        | Reached XP level 9. HP: 69/76 MP: 9/9
   472 | D        | Killed Blork the orc
   473 | D        | Killed Edmund
   474 | D        | Reached skill level 14 in Maces & Flails
   474 | D        | Killed Duvessa
   476 | D        | Killed Erolcha
   477 | D        | Reached skill level 16 in Maces & Flails
   528 | D        | Entered arena 8.
   528 | D        | Noticed a spriggan druid
   528 | D        | Noticed a spriggan rider
   529 | D        | Found a transporter.
   532 | D        | Killed a spriggan druid
   533 | D        | Reached skill level 17 in Maces & Flails
   533 | D        | Reached XP level 10. HP: 59/83 MP: 10/10
   534 | D        | Killed a spriggan rider
   534 | D        | Reached ****** piety under Dithmenos
   535 | D        | Reached skill level 18 in Maces & Flails
   536 | D        | HP: 2/83 [black bear (5)]
   549 | D        | Got the amulet of Puirinua {Reflect -Tele Will+ rCorr Int+4
                  | SH+5}
   771 | D        | Entered arena 9.
   772 | D        | Found a transporter.
   776 | D        | Reached skill level 19 in Maces & Flails
   781 | D        | HP: 1/83 [merfolk (12)]
   782 | D        | Slain by a merfolk

Illustrated notes

Levels and vault maps discovered:
D:        sprint_v [room_start, room_1, room_2, room_3, room_4, room_5, room_6,
          room_7, room_8, room_9, room_10, room_11, room_12, room_13, room_14,
          room_15, room_16, room_17, room_18, room_19, room_20, room_21,
          room_22, room_23, room_24, room_25, room_26, room_27]

Skill      XL: |  1  2  3  4  5  6  7  8  9 10 |
---------------+-------------------------------+-----
Maces & Flails | 7 8 9 12 13 17 19 | 19.8
Shields        | 4 5 7 9 10 | 10.9
Fighting       | 4 5 6 8 9 |  9.2
Armour         | 4 6 8 |  8.6
Axes           | |  2.0

Action                   |  1- 3 |  4- 6 |  7- 9 | 10-12 || total
-------------------------+-------+-------+-------+-------++-------
Melee: Maul              |     8 |    11 |    23 |    10 ||    52
       Great mace        |       |       |       |     5 ||     5
Invok: Shadow Step       |       |       |       |     1 ||     1
  Use: Potion            |     1 |       |       |     1 ||     2
Armor: Plate armour      |     6 |     5 |    29 |    47 ||    87
Dodge: Dodged            |       |     1 |    13 |    13 ||    27
Block: Kite shield       |    13 |    16 |    70 |    56 ||   155
       Reflection        |       |       |       |     1 ||     1

Table legend: (Time is in decaauts)
 A = Elapsed time spent in this place.
 B = Non-inter-level travel time spent in this place.
 C = Inter-level travel time spent in this place.
 D = Time resting spent in this place.
 E = Time spent auto-exploring this place.
 F = Levels seen in this place.
 G = Mean time per level.
                   A        B        C        D        E       F      G
               +--------+--------+--------+--------+--------+-----+--------+
         Total |    850 |    850 |      0 |    465 |      0 |   1 |  850.0 |
       Dungeon |    850 |    850 |      0 |    465 |      0 |   1 |  850.0 |
               +--------+--------+--------+--------+--------+-----+--------+

Top non-repeatable levels by time:
       D: 850 daAuts
